 Dungeon Crawl Stone Soup version 0.31-a0-1300-gb6740aa4e6 (webtiles) character file.

Game seed: 8893565042806173545

1967 mopl the Poker (level 9, 0/65 HPs)
             Began as a Djinni Shapeshifter on Dec 18, 2023.
             Was a Believer of Wu Jian.
             Shot with a sling bullet by Joseph (7 damage)
             ... on level 7 of the Dungeon.
             The game lasted 00:08:02 (5483 turns).

mopl the Poker (Djinni Shapeshifter)                Turns: 5483, Time: 00:08:02

Health: 0/65       AC: 17    Str: 15    XL:     9   Next: 43%
Gold:   95         EV:  5    Int: 12    God:    Wu Jian [**....] SH:  0 Dex: 15

rFire   + + .        a - +13 scythe of Curses {drain, curses, ^Drain}
rCold   x . .        (shield currently unavailable)
rNeg    . . .        r - +0 plate armour
rPois   ∞            i - +0 helmet
rElec   .            p - +0 cloak
rCorr   .            w - +1 pair of gloves
SInv    .            (boots unavailable)
Will    .....        (no amulet) Stlth
                     (no ring)
HPRegen 0.30/turn    (no ring)
MPRegen 0.00/turn

%: infuse magic (-1 HP)
@: flying
A: sickness immunity, fire resistance 2, cold vulnerability 1, float, innate
caster, HP casting, extra vitality 1
a: Renounce Religion, Wall Jump


You were on level 7 of the Dungeon.
You worshipped Wu Jian.
Wu Jian was pleased with you.
You visited 1 branch of the dungeon, and saw 7 of its levels.

You collected 362 gold pieces.
You spent 267 gold pieces at shops.

Inventory:

Hand Weapons
 a - the +13 scythe of Curses (weapon) {drain, curses, ^Drain}
   (You found it on level 4 of the Dungeon)

   ^Drain:    It drains your maximum health when unequipped.
Missiles
 c - a curare-tipped dart
 d - 4 poisoned darts
 l - 3 javelins
Armour
 i - a +0 helmet (worn)
 p - a +0 cloak (worn)
 r - a +0 plate armour (worn)
 w - a +1 pair of gloves (worn)
Wands
 v - a wand of roots (9)
 z - a wand of flame (8)
 D - a wand of paralysis (10)
 E - a wand of digging (8)
Scrolls
 e - a scroll of fear {unknown}
 g - 7 scrolls of identify {unknown}
 j - 3 scrolls of fog {unknown}
 o - a scroll of noise {unknown}
 q - 3 scrolls of poison {unknown}
 x - a scroll of amnesia {unknown}
 y - a scroll of brand weapon {unknown}
 B - a scroll of enchant weapon
 C - a scroll of teleportation
Potions
 b - a potion of lignification {!q}
 f - 3 potions of magic {unknown}
 h - 5 potions of might {unknown}
 k - 5 potions of ambrosia {unknown}
 m - 3 potions of degeneration
 n - 2 potions of mutation {unknown}
 s - 2 potions of curing
 t - 3 potions of heal wounds
 u - 2 potions of attraction
 A - a potion of cancellation {unknown}


   Skills:
 + Level 5.5 Fighting
 * Level 5.9 Polearms
 + Level 5.3 Armour
 - Level 3.1 Dodging
 - Level 4.2 Unarmed Combat
 - Level 3.6 Shapeshifting


You knew the following spells:

 Your Spells              Type           Power      Damage    Failure   Level
a - Magic Dart            Conj           0%         1d3       100%        1
b - Jinxbite              Hex            0%         N/A       100%        2
c - Searing Ray           Conj           0%         2d4       100%        2
d - Olgreb's Toxic Radia  Pois           0%         N/A       100%        4
Your spell library was empty.


Dungeon Overview and Level Annotations

Branches:
Dungeon (7/15)             Temple (0/1) D:7

Altars:
Elyvilon
Fedhas
Makhleb
Okawaru
Qazlal
Wu Jian

Shops:
D:4 ((!(   D:6 (*(=[

Annotations:
D:7 Joseph


Innate Abilities, Weirdness & Mutations

You are immune to sickness and miasma.
You are immune to poison.
Your flesh is very heat resistant. (rF++)
You are vulnerable to cold. (rC-)
You float through the air rather than walking.
You learn spells naturally, not from books.
Your magical power is your life essence.
You have superior vitality. (+4 MHP)


Message History

Something hits you but does no damage. x2
No target in view!
Unknown command.
No target in view!
You puncture something! Something hits you but does no damage.
Joseph, a Mercenary comes into view.
He is wielding a +0 quarterstaff and wearing a +0 leather armour of cold resistance.
You slash something! The Council accepts your kill.
Reactivating autopickup.
You feel a bit more experienced.
Joseph unwields a +0 quarterstaff.
Joseph wields a +5 sling of flaming.
It bursts into flame!
Joseph shoots a sling bullet.
The sling bullet hits you! The sling bullet burns you.
Joseph shoots a sling bullet.
The sling bullet hits you! The sling bullet burns you.
You see here a +0 whip.
Joseph shoots a sling bullet.
The sling bullet hits you!
* * * LOW HITPOINT WARNING * * *
The sling bullet burns you.
* * * LOW HITPOINT WARNING * * *
Joseph shoots a sling bullet.
The sling bullet hits you.
* * * LOW HITPOINT WARNING * * *
Found an escape hatch in the floor.
Joseph shoots a sling bullet.
The sling bullet hits you!
* * * LOW HITPOINT WARNING * * *
The sling bullet burns you.
* * * LOW HITPOINT WARNING * * *
Joseph shoots a sling bullet.
The sling bullet hits you but does no damage.
A gnoll comes into view. It is wielding a +0 club.
The gnoll shouts!
You hear a shout!
A gnoll sergeant comes into view. It is wielding a +2 spear of venom.
Joseph shoots a sling bullet.
The sling bullet hits you.
* * * LOW HITPOINT WARNING * * *
Unknown command.
You see here a +0 whip.
Things that are here:
a +0 dagger; a +0 robe A gnoll comes into view.
It is wielding a +0 spear.
Joseph shoots a sling bullet.
The sling bullet hits you!
You die...

#........##.....###..........
#........###..#...#.gg.g.....
######.### #.................
#.# ###)#####@........ #.#
#).##........... #.#
##))).#......... #.#
###............. #.#
#.....####..(...
#.#######@..### ##....
#.#.........## #.#.
##.#..........# .#
#..#..........#
#.####........# #.#
#...##†.### ####.###..###.##
#.........# #.#
#.........###.#


You could see Joseph.

Vanquished Creatures
  Edmund (D:6)
  Menkaure (D:4)
  Duvessa (D:6)
  A water moccasin (D:6)
  A sky beast (D:6)
  3 centaurs
  The ghost of kae the Sneak, an amateur DsEn (D:4)
  A kobold brigand (D:5)
  4 bullfrogs (D:7)
  A gnoll sergeant (D:6)
  2 scorpions (D:6)
  Dowan (D:6)
  2 howler monkeys (D:4)
  2 hounds (D:5)
  A jelly (D:5)
  A gnoll bouda (D:5)
  An orc priest (D:7)
  Crazy Yiuf (D:3)
  An iguana (D:5)
  A sleepcap (D:5)
  An orc wizard (D:7)
  10 gnolls
  7 adders
  A white imp (D:5)
  2 worms
  A dart slug (D:4)
  5 orcs
  3 ball pythons
  12 bats
  7 endoplasms
  4 giant cockroaches
  9 goblins
  11 hobgoblins
  2 jackals (D:1)
  2 quokkas
  3 frilled lizards
  9 kobolds
  3 rats
  A spectral hobgoblin (D:1)
121 creatures vanquished.

Notes
Turn   | Place    | Note
-------+----------+-------------------------------------------
     0 | D:1      | mopl the Djinni Shapeshifter began the quest for the Orb.
     0 | D:1      | Reached XP level 1. HP: 17/17 MP: 0/0
   179 | D:1      | Reached XP level 2. HP: 15/22 MP: 0/0
   249 | D:1      | Reached XP level 3. HP: 20/27 MP: 0/0
   249 | D:1      | Learned a level 1 spell: Magic Dart
   301 | D:1      | Found a faded altar of an unknown god.
   386 | D:1      | Reached skill level 3 in Shapeshifting
   572 | D:2      | Found an ornate altar of the Wu Jian Council.
   614 | D:2      | Became a worshipper of the Wu Jian Council
   780 | D:2      | Reached skill level 1 in Armour
   780 | D:2      | Reached XP level 4. HP: 28/32 MP: 0/0
  1212 | D:3      | Found a runed translucent door.
  1213 | D:3      | Noticed Crazy Yiuf
  2305 | D:3      | Killed Crazy Yiuf
  2306 | D:3      | Reached XP level 5. HP: 27/38 MP: 0/0
  2306 | D:3      | Learned a level 2 spell: Jinxbite
  2528 | D:4      | Reached skill level 2 in Fighting
  2528 | D:4      | Reached skill level 4 in Unarmed Combat
  2536 | D:4      | Reached skill level 3 in Dodging
  2700 | D:4      | Reached * piety under Wu Jian
  2720 | D:4      | Found Icofoef's Distillery.
  2721 | D:4      | Found Gucetad's Weapon Shop.
  2724 | D:4      | Found Yzerghen's Weapon Shop.
  2727 | D:4      | Found Naunaol's Weapon Shop.
  2819 | D:4      | Bought a potion of degeneration for 10 gold pieces
  2819 | D:4      | Bought a potion of curing for 30 gold pieces
  2819 | D:4      | Bought a potion of heal wounds for 50 gold pieces
  2819 | D:4      | Bought a potion of attraction for 30 gold pieces
  2857 | D:4      | Reached XP level 6. HP: 41/43 MP: 0/0
  2907 | D:4      | Found the +13 scythe of Curses {drain, curses, ^Drain}
  2966 | D:4      | Noticed Menkaure
  2969 | D:4      | Killed Menkaure
  2970 | D:4      | Reached skill level 1 in Polearms
  2970 | D:4      | Reached skill level 2 in Armour
  2972 | D:4      | Reached XP level 7. HP: 11/49 MP: 0/0
  2972 | D:4      | Learned a level 2 spell: Searing Ray
  3240 | D:4      | Found a large runed translucent door.
  3240 | D:4      | Found a large runed translucent door.
  3242 | D:4      | Noticed kae's ghost (amateur DsEn)
  3304 | D:4      | Killed kae's ghost
  3305 | D:4      | Reached skill level 3 in Fighting
  3305 | D:4      | Reached skill level 2 in Polearms
  3327 | D:5      | Entered Level 5 of the Dungeon
  3486 | D:5      | Reached skill level 3 in Armour
  3533 | D:5      | Found a white marble altar of Elyvilon.
  3625 | D:5      | Reached skill level 3 in Polearms
  4221 | D:5      | Found a burning altar of Makhleb.
  4271 | D:5      | Reached XP level 8. HP: 57/57 MP: 0/0
  4317 | D:5      | Found a blossoming altar of Fedhas.
  4511 | D:5      | Reached ** piety under Wu Jian
  4570 | D:6      | Noticed Edmund
  4574 | D:6      | Killed Edmund
  4575 | D:6      | Reached skill level 4 in Fighting
  4615 | D:6      | Found Xiwos's Jewellery Emporium.
  4616 | D:6      | Found Isec's Antique Armour Shop.
  4617 | D:6      | Noticed Duvessa
  4619 | D:6      | Noticed Dowan
  4630 | D:6      | Reached skill level 4 in Polearms
  4630 | D:6      | Reached skill level 4 in Armour
  4632 | D:6      | Killed Duvessa
  4655 | D:6      | Killed Dowan
  4766 | D:6      | Found Karicyis's Antique Weapon Boutique.
  4769 | D:6      | Found Giusozxo's General Store.
  4772 | D:6      | Found Tacin's Antique Weapon Shop.
  4786 | D:6      | Bought a scroll of enchant weapon for 105 gold pieces
  4786 | D:6      | Bought a scroll of teleportation for 42 gold pieces
  4804 | D:6      | Reached skill level 5 in Polearms
  4804 | D:6      | Reached XP level 9. HP: 64/64 MP: 0/0
  4804 | D:6      | Learned a level 4 spell: Olgreb's Toxic Radiance
  4824 | D:6      | Found an iron altar of Okawaru.
  5058 | D:6      | Reached skill level 5 in Fighting
  5139 | D:6      | Found a stormy altar of Qazlal.
  5373 | D:7      | Reached skill level 5 in Armour
  5393 | D:7      | Found a staircase to the Ecumenical Temple.
  5454 | D:7      | Noticed Joseph
  5483 | D:7      | Shot with a sling bullet by Joseph

Illustrated notes

Levels and vault maps discovered:
D:1:      psy_arrival_dodecagon, layout_loops_ring,
          dreamdust_ecumenical_altar_drowned_temple, nrook_loot_triangle,
          minmay_3d_cube
D:2:      layout_basic, basic_altar
D:3:      layout_basic, minmay_hedge_maze, uniq_crazy_yiuf_cottage
D:4:      layout_rooms, ebering_ghost_disaster_area, minmay_shop_grid_forest,
          roderic_batcave, minmay_goblin_outpost, uniq_menkaure
D:5:      layout_cave_pods, hellmonk_sif_muna_bookshelves,
          mainiacjoe_overflow_paths, lemuel_crystal_altar,
          lemuel_coloured_pillars_altar, nicolae_fountain_basement
D:6:      layout_basic, vehumet_altar_wand_db,
          mainiacjoe_overflow_six_doors_small, nicolae_qazlal_general_emergency,
          nicolae_shop_national_dungeon_mall, moated_statue,
          palyth_stone_intersect, chequers_serial_rivers_small_a, uniq_edmund,
          uniq_duvessa
D:7:      layout_rooms, kennysheep_mini, mainiacjoe_overflow_surrounded_room,
          nemelex_dance_club_becter, minmay_temple_entry_butterflies,
          uniq_joseph, uniq_maggie

Skill      XL: |  1  2  3  4  5  6  7  8  9 |
---------------+----------------------------+-----
Shapeshifting  | 3 |  3.6
Armour         | 1 2 3 4 5 |  5.3
Fighting       | 2 3 4 5 |  5.5
Unarmed Combat | 4 |  4.2
Dodging        | 3 |  3.1
Polearms       | 1 3 5 |  5.9

Action                     |  1- 3 |  4- 6 |  7- 9 || total
---------------------------+-------+-------+-------++-------
  Melee: Unarmed           |    74 |   156 |       ||   230
         Punch             |     1 |       |       ||     1
         Scythe            |       |     6 |   106 ||   112
Ability: Lunge             |     4 |    12 |     1 ||    17
         Whirlwind         |       |     1 |       ||     1
         Begin Untransform |       |       |     1 ||     1
    Use: Potion            |       |     1 |       ||     1
   Stab: Sleeping          |     2 |     4 |       ||     6
 Armour: Animal skin       |    30 |    77 |     3 ||   110
         Skin              |       |     1 |       ||     1
         Plate armour      |       |       |   169 ||   169
  Dodge: Dodged            |    44 |   106 |    31 ||   181
   Form: Beast             |       |       |     1 ||     1

Table legend: (Time is in decaauts)
 A = Elapsed time spent in this place.
 B = Non-inter-level travel time spent in this place.
 C = Inter-level travel time spent in this place.
 D = Time resting spent in this place.
 E = Time spent auto-exploring this place.
 F = Levels seen in this place.
 G = Mean time per level.
                   A        B        C        D        E       F      G
               +--------+--------+--------+--------+--------+-----+--------+
         Total |   5559 |   5285 |    274 |    629 |   3695 |   7 |  794.1 |
       Dungeon |   5559 |   5285 |    274 |    629 |   3695 |   7 |  794.1 |
               +--------+--------+--------+--------+--------+-----+--------+

Top non-repeatable levels by time:
     D:3: 1311 daAuts
     D:5: 1241 daAuts
     D:4: 889 daAuts
     D:6: 817 daAuts
     D:2: 599 daAuts
     D:1: 567 daAuts
     D:7: 133 daAuts
